 Dungeon Crawl Stone Soup version 0.26.1-11-gd32895ea62 (webtiles) character file.

Game seed: 8574044388420662558

112 Almogavar the Chiller (level 4, -5/30 HPs)
             Began as a Merfolk Ice Elementalist on May 25, 2021.
             Killed by divine providence
             ... invoked by an orc priest
              (15 damage)
             ... on level 3 of the Dungeon.
             The game lasted 00:09:36 (2553 turns).

Almogavar the Chiller (Merfolk Ice Elementalist)    Turns: 2553, Time: 00:09:37

Health: -5/30      AC:  2    Str:  8    XL:     4   Next: 93%
Magic:  3/8        EV: 13    Int: 15    God:
Gold:   171        SH:  0    Dex: 14    Spells: 8/9 levels left

rFire    x . .     SeeInvis .   e - +1 spear (vorpal)
rCold    + . .     Faith    .   (no shield)
rNeg     . . .     Spirit   .   a - +0 robe
rPois    .         Reflect  .   (no helmet)
rElec    .         Harm     .   (no cloak)
rCorr    .         Rampage  .   (no gloves)
Will     .....                  (no boots)
Stlth    ++........             (no amulet)
HPRegen  0.10/turn              d - ring of flight
MPRegen  0.11/turn              f - ring of ice

@: no status effects
A: change form in water, swift swim, stealthy swim
a: Evoke Flight


You were on level 3 of the Dungeon.
You visited 1 branch of the dungeon, and saw 3 of its levels.

You collected 171 gold pieces.

Inventory:

Hand Weapons
 e - a +1 vorpal spear (weapon)
Missiles
 b - 62 stones (quivered)
Armour
 a - a +0 robe (worn)
 j - a +0 ring mail
Jewellery
 d - a ring of flight (left hand)
 f - a ring of ice (right hand)
Wands
 i - a wand of polymorph (8)
Scrolls
 c - 2 scrolls of remove curse
 h - a scroll of teleportation {unknown}
Potions
 g - a potion of lignification {unknown}


   Skills:
 + Level 0.2 Fighting
 + Level 0.7 Polearms
 + Level 1.0 Throwing
 + Level 3.0 Dodging
 + Level 2.5 Stealth
 + Level 3.0 Spellcasting
 + Level 5.4 Ice Magic


You had 8 spell levels left.
You knew the following spells:

 Your Spells              Type           Power        Failure   Level
a - Freeze                Ice            100%         1%          1

Your spell library contained the following spells:

 Spells                   Type           Power        Failure   Level
 Frozen Ramparts          Ice            56%          6%          3
 Ozocubu's Armour         Ice            28%          6%          3
 Hailstorm                Conj/Ice       15%          54%         4
 Summon Ice Beast         Ice/Summ       15%          54%         4


Dungeon Overview and Level Annotations

Branches:
Dungeon (3/15)

Altars:


Message History

The orc priest hits you with a +0 club. The orc barely misses you.
Casting: Freeze (safe; 1% risk of failure)
Confirm with . or Enter, or press ? or * to list all spells.
Aiming: Freeze (safe; 1% risk of failure)
Press: ? - help, Shift-Dir - straight line, f/p - orc priest
Aim: an orc priest, wielding a +0 club and wearing a +0 ring mail (severely wounded)
You feel a surge of power!
You freeze the orc priest.
The orc priest is almost dead.
The orc priest closely misses you. The orc barely misses you.
Casting: Freeze (safe; 1% risk of failure)
Confirm with . or Enter, or press ? or * to list all spells.
Aiming: Freeze (safe; 1% risk of failure)
Press: ? - help, Shift-Dir - straight line, f/p - orc priest
Aim: an orc priest, wielding a +0 club and wearing a +0 ring mail (almost dead)
You feel a surge of power!
You freeze the orc priest.
The orc priest is almost dead.
The orc priest calls down the wrath of Beogh upon you.
Beogh smites you!
Ouch! That really hurt!
You die...

.. .. .# .#
.# .# ##o#
#@o# #.## #.#
#.# #.# #.#
#.###########
#...........#
###########.#


You could see an orc priest and an orc.

Vanquished Creatures
  Jessica (D:2)
  2 adders (D:2)
  An ooze (D:1)
  A worm (D:2)
  2 dart slugs (D:1)
  3 leopard geckos
  An orc (D:3)
  3 giant cockroaches (D:1)
  4 goblins
  7 hobgoblins
  4 jackals (D:2)
  A quokka (D:2)
  7 bats
  2 frilled lizards (D:2)
  7 kobolds
  3 rats
49 creatures vanquished.

Vanquished Creatures (others)
  11 plants (D:2)
11 creatures vanquished.

Grand Total: 60 creatures vanquished

Notes
Turn   | Place    | Note
-------+----------+-------------------------------------------
     0 | D:1      | Almogavar the Merfolk Ice Elementalist began the quest for
                  | the Orb.
     0 | D:1      | Reached XP level 1. HP: 13/13 MP: 3/3
   244 | D:1      | Reached XP level 2. HP: 19/19 MP: 0/5
   748 | D:1      | Reached skill level 5 in Ice Magic
   748 | D:1      | Reached XP level 3. HP: 24/24 MP: 3/6
  1023 | D:2      | Noticed Jessica
  1037 | D:2      | Killed Jessica
  1038 | D:2      | Reached XP level 4. HP: 21/30 MP: 4/8
  1813 | D:2      | Reached skill level 1 in Throwing
  2553 | D:3      | Killed from afar by an orc priest

Illustrated notes

Levels and vault maps discovered:
D:1:      elethiomel_arrival_shortcut, layout_basic
D:2:      layout_basic, serial_bayou_lake_a, uniq_jessica
D:3:      layout_loops_ring, gammafunk_ghost_split

Skill      XL: |  1  2  3  4 |
---------------+-------------+-----
Ice Magic      | 5 |  5.4
Dodging        | 3 |  3.0
Throwing       | 1 |  1.0
Spellcasting   | 3 |  3.0
Fighting       | |  0.2
Polearms       | |  0.7
Stealth        | |  2.5

Action                   |  1- 3 |  4- 6 || total
-------------------------+-------+-------++-------
Melee: Dagger            |     1 |       ||     1
       Spear             |    12 |    50 ||    62
       Tailslap          |       |     1 ||     1
Throw: Stone             |    35 |    20 ||    55
 Cast: Freeze            |    30 |    25 ||    55
  Use: Scroll            |     1 |     1 ||     2
 Stab: Sleeping          |     1 |     4 ||     5
Armor: Robe              |     4 |     3 ||     7
Dodge: Dodged            |    19 |    42 ||    61
